 Dungeon Crawl Stone Soup version 0.31.0-12-g77e489cdc1 (webtiles) character file.

Game seed: 11815889280234997639

47 Metae the Trooper (level 3, -4/33 HPs)
             Began as a Minotaur Fighter on Feb 18, 2024.
             Slain by an orc
             ... wielding a +0 flail
              (8 damage)
             ... on level 2 of the Dungeon.
             The game lasted 00:02:52 (1067 turns).

Metae the Trooper (Minotaur Fighter)                Turns: 1067, Time: 00:02:52

Health: -4/33      AC:  7    Str: 22    XL:     3   Next: 48%
Magic:  2/2        EV:  9    Int:  5    God:
Gold:   107        SH:  4    Dex:  9    Spells: 2/2 levels left

rFire   . . .        a - +0 trident
rCold   . . .        c - +0 buckler
rNeg    . . .        b - +0 scale mail
rPois   .            (helmet restricted)
rElec   .            (no cloak)
rCorr   .            (no gloves)
SInv    .            (no boots)
Will    .....        (no amulet) Stlth
                     (no ring)
HPRegen 0.25/turn    (no ring)
MPRegen 0.08/turn

%: no passive effects
@: no status effects
A: horns 2, retaliatory headbutt
a: no special abilities


You were on level 2 of the Dungeon.
You visited 1 branch of the dungeon, and saw 2 of its levels.

You collected 107 gold pieces.

Inventory:

Hand Weapons
 a - a +0 trident (weapon)
Armour
 b - a +0 scale mail (worn)
 c - a +0 buckler (worn)
Talismans
 e - a flux talisman
Scrolls
 f - 2 scrolls of teleportation
 g - a scroll of silence {unknown}
 h - 2 scrolls of identify {unknown}
 i - a scroll of blinking {unknown}
 j - a scroll of brand weapon {unknown}
Potions
 d - a potion of might


   Skills:
 + Level 4.0 Fighting
 + Level 3.1 Polearms
 + Level 4.0 Armour
 + Level 1.3 Dodging
 + Level 4.0 Shields


You had 2 spell levels left.
You didn't know any spells.
Your spell library was empty.

Dungeon Overview and Level Annotations

Branches:
Dungeon (2/15)

Altars:
Gozag


Innate Abilities, Weirdness & Mutations

You have a pair of horns on your head.
You reflexively headbutt those who attack you in melee.


Message History

You are too injured to fight recklessly!
You are too injured to fight recklessly!
You are too injured to fight recklessly!
You are too injured to fight recklessly!
You are too injured to fight recklessly!
The orc barely misses you.
The hobgoblin attacks as it pursues you!
The hobgoblin hits you.
The hobgoblin attacks as it pursues you!
The hobgoblin hits you but does no damage.
The hobgoblin attacks as it pursues you!
The hobgoblin closely misses you.
You hit the hobgoblin.
You kill the hobgoblin!
You barely miss the orc. You headbutt the orc, but do no damage.
The orc barely misses you.
You hit the orc.
The orc is lightly wounded.
The orc hits you with a +0 whip.
You closely miss the orc. Your headbutt misses the orc.
The orc is lightly wounded.
The orc hits you but does no damage.
You closely miss the orc. Your headbutt misses the orc.
The orc is lightly wounded.
The orc hits you with a +0 whip.
The endoplasm jiggles.
You barely miss the orc.
The orc is lightly wounded.
The orc hits you with a +0 whip.
* * * LOW HITPOINT WARNING * * *
You puncture the orc!
You kill the orc!
You closely miss the orc. The orc hits you with a +0 hand axe.
* * * LOW HITPOINT WARNING * * *
You puncture the orc!
You kill the orc!
You puncture the endoplasm!
You kill the endoplasm!
The orc hits you with a +0 flail!
You die...

#..# #.)#
########..#
#.........#
#.######.##
#.######.##
#.#
##....)....#
#.#
......)....#
#o#
##########.#
#@# #.# #.#
#.# #.#
########.#
#.#
#........#
#.#
#.########
#.# #.# #.#
#.# #.# #.#
#.#


You could see an orc.

Vanquished Creatures
  A dart slug (D:2)
  5 orcs (D:2)
  3 ball pythons
  6 bats (D:1)
  4 endoplasms
  2 goblins (D:1)
  4 hobgoblins
  3 kobolds (D:1)
  2 quokkas (D:1)
  2 frilled lizards
  4 rats (D:1)
36 creatures vanquished.

Notes
Turn   | Place    | Note
-------+----------+-------------------------------------------
     0 | D:1      | Metae the Minotaur Fighter began the quest for the Orb.
     0 | D:1      | Reached XP level 1. HP: 19/19 MP: 0/0
   290 | D:1      | Reached XP level 2. HP: 25/27 MP: 1/1
   417 | D:1      | Reached skill level 1 in Dodging
   873 | D:2      | Found an opulent altar of Gozag.
   880 | D:2      | Reached XP level 3. HP: 33/33 MP: 2/2
  1067 | D:2      | Slain by an orc

Illustrated notes

Levels and vault maps discovered:
D:1:      dpeg_arrival_subterranean_lakeside_camping, layout_loops_ring,
          wander_ebering_terrifying_dragon_lair
D:2:      layout_loops_ring, basic_altar

Skill      XL: |  1  2  3 |
---------------+----------+-----
Dodging        | 1 |  1.3
Fighting       | 4 |  4.0
Polearms       | 3 |  3.1
Armour         | 4 |  4.0
Shields        | 4 |  4.0

Action                     || total
---------------------------++-------
  Melee: Trident           ||    94
         Headbutt          ||     7
    Use: Scroll            ||     1
 Armour: Scale mail        ||    58
  Dodge: Dodged            ||    30
  Block: Buckler           ||    14
